 Dungeon Crawl Stone Soup version 0.31-a0-16-g6d2539766c (webtiles) character file.

Game seed: 14227185188208894221

5375 BlueFish the Destroyer (level 10, -14/69 HPs)
             Began as a Green Draconian Conjurer on May 8, 2023.
             Was a Believer of Fedhas.
             Demolished by a two-headed ogre
             ... wielding a +0 halberd
              (23 damage)
             ... in a bailey.
             The game lasted 00:29:05 (10410 turns).

BlueFish the Destroyer (Green Draconian Conjurer)  Turns: 10410, Time: 00:29:06

Health: -14/69     AC:  7    Str: 10    XL:     10   Next: 39%
Magic:  21/21      EV: 14    Int: 27    God:    Fedhas [**....]
Gold:   25         SH:  0    Dex:  9    Spells: 13/23 levels left

rFire   . . .        E - +3 short sword
rCold   . . .        (no shield)
rNeg    . . .        (body armour unavailable)
rPois   +            (helmet restricted)
rElec   .            (no cloak)
rCorr   +            (no gloves)
SInv    +            (no boots)
Will    .....        (no amulet)
Stlth   +++          r - ring of resist corrosion
HPRegen 0.31/turn    o - ring of Ignis's Pride {Fly Int+4 SInv}
MPRegen 0.17/turn

%: no passive effects
@: short of breath, flying
A: breathe noxious fumes, AC +7, unfitting armour, poison resistance,
cold-blooded
a: Breathe Noxious Fumes, Renounce Religion, Wall of Briars


You were in a bailey.
You worshipped Fedhas.
Fedhas was pleased with you.
You visited 2 branches of the dungeon, and saw 10 of its levels.
You also visited: Bailey.

You collected 478 gold pieces.
You spent 453 gold pieces at shops.

Inventory:

Hand Weapons
 b - a +1 dagger
 h - a +0 dagger of venom
 E - a +3 short sword (weapon)
Missiles
 A - a throwing net
Jewellery
 k - a +4 ring of protection
 o - the ring of Ignis's Pride (right hand) {Fly Int+4 SInv}
   (You bought it in a shop on level 7 of the Dungeon)

   [ring of flight]

   Int:       It affects your intelligence (+4).
   SInv:      It lets you see invisible.
   Fly:       It grants you flight.
 r - a ring of resist corrosion (left hand)
Wands
 w - a wand of flame (18)
 x - a wand of iceblast (8)
 z - a wand of charming (2)
Scrolls
 d - 3 scrolls of poison
 e - a scroll of fear
 f - 3 scrolls of enchant weapon
 g - a scroll of brand weapon {unknown}
 i - a scroll of fog
 p - a scroll of butterflies {unknown}
 q - 2 scrolls of enchant armour
 y - 3 scrolls of blinking
 B - a scroll of teleportation
 C - a scroll of immolation {unknown}
 D - a scroll of identify
 G - 2 scrolls of amnesia {unknown}
Potions
 a - 3 potions of magic
 c - a potion of ambrosia {unknown}
 j - 3 potions of mutation {unknown}
 l - a potion of berserk rage {unknown}
 m - a potion of flight {unknown}
 n - 3 potions of curing
 s - a potion of brilliance {unknown}
 t - a potion of heal wounds
 u - 2 potions of lignification
 v - 2 potions of invisibility
 F - a potion of attraction {unknown}


   Skills:
 + Level 7.3 Dodging
 + Level 8.0 Stealth
 + Level 7.4 Spellcasting
 + Level 8.8 Conjurations


You had 13 spell levels left.
You knew the following spells:

 Your Spells              Type           Power      Damage    Failure   Level
a - Magic Dart            Conj           100%       1d8       1%          1
b - Searing Ray           Conj           100%       2d8       1%          2
c - Dazzling Flash        Conj/Hex       66%        N/A       2%          3
d - Fulminant Prism       Conj/Hex       16%        3d10      9%          4

Your spell library contained the following spells:

 Spells                   Type           Power      Damage    Failure   Level
 Iskenderun's Mystic Bla  Conj/Tloc      33%        2d8       9%          4
 Anguish                  Hex/Necr       5%         N/A       50%         4
 Enfeeble                 Hex            5%         N/A       100%        7


Dungeon Overview and Level Annotations

Branches:
Dungeon (9/15)             Temple (1/1) D:7          Bailey (1/1)
   Lair: D:8-11         Orc: D:9-12

Altars:
Ashenzari
Cheibriados
Dithmenos
Elyvilon
Fedhas
Gozag
Hepliaklqana
Kikubaaqudgha
Makhleb
Nemelex Xobeh
Okawaru
Qazlal
Ru
Sif Muna
Trog
Uskayaw
Vehumet
Wu Jian
Xom
Yredelemnul
Zin
The Shining One

Shops:
D:7 [*??=

Annotations:
D:2 1 runed translucent door, Crazy Yiuf
D:5 1 runed translucent door, dracfodder's ghost, novice GrEE
D:7 3 runed translucent doors, mandoloar's ghost, novice OpTm


Innate Abilities, Weirdness & Mutations

You can breathe blasts of noxious fumes.
Your lurid green scales are hard. (AC +7)
You cannot fit into any form of body armour.
Your system is resistant to poisons. (rPois)
You are cold-blooded and may be slowed by cold attacks.


Message History

The spriggan wonders, "What am I doing in here?"
The spriggan closely misses you.
Your two-headed ogre hits the spriggan but does no damage.
Your two-headed ogre hits the spriggan from afar with a +0 glaive!!
You catch the helpless spriggan completely off-guard!
You puncture the spriggan!
You kill the spriggan!
Fedhas appreciates your contribution to the ecosystem.
Your Stealth skill increases to level 8!
You hit the ogre. You tail-slap the ogre.
The ogre is almost dead.
Your two-headed ogre hits the ogre from afar with a +0 halberd!!
The ogre dies!
Fedhas appreciates your contribution to the ecosystem.
You swap places.
What are your orders? t - Shout!
Orders for allies: a - Attack new target. r - Retreat! s - Stop attacking. g - Guard the area. f - Follow me.
Anything else - Cancel.
Gang up on whom?
Press: ? - help, Dir - move target, f - spriggan
Aim: a spriggan, wielding the +3 hand crossbow of Crusades {heavy, rC- Str+2 Int+3} (lightly wounded, wandering, hasn't noticed you) Attack!
The two-headed ogre is no longer charmed.
The two-headed ogre hits you with a +0 halberd!
The two-headed ogre hits you with a +0 glaive.
Aiming: Breathe Noxious Fumes (3% risk of failure)
Press: ? - help, Shift-Dir - straight line, p - spriggan You exhale a blast of noxious fumes.
The blast of choking fumes hits the two-headed ogre!
The two-headed ogre is lightly wounded.
The two-headed ogre is engulfed in noxious fumes.
The two-headed ogre appears confused.
The two-headed ogre hits you with a +0 halberd!
* * * LOW HITPOINT WARNING * * *
The two-headed ogre hits you with a +0 glaive!!
You die...
Fedhas appreciates your contribution to the ecosystem.

#######
#.......##
#.......O.##
##....~~~....##
##..##♣#~#♣#♣.O##
##.i♣ ##..##
#.○#♣ ##..# #.○#
♣..# #O@# #..#
#..# #).# #..♣
#))# #.○♣ #..#
#..## ##..#
##..## ##..##
##..## ♣#..##
##..##♣###♣..##
##........)##


You could see a two-headed ogre (confused) and a spriggan (wandering).

Vanquished Creatures
  Pikel (D:6)
  Prince Ribbit (D:5)
  A spriggan (Bailey)
  A wyvern (D:8)
  3 vampire mosquitoes (D:7)
  Duvessa (D:6)
  A sky beast (D:6)
  10 ogres
  A centaur (D:7)
  4 lemures (D:6)
  A phantom (D:5)
  2 kobold brigands (D:7)
  A bullfrog (D:8)
  Blork the orc (D:5)
  A gnoll sergeant (D:9)
  4 scorpions
  7 wights
  Dowan (D:6)
  12 killer bees
  6 orc priests
  3 hounds
  3 jellies
  5 iguanas
  10 orc wizards
  18 gnolls
  3 adders
  A shadow imp (D:5)
  An ufetubus (D:4)
  2 worms
  3 dart slugs
  15 orcs
  4 bats
  9 endoplasms
  A giant cockroach (D:3)
  10 goblins
  8 hobgoblins
  4 jackals (D:2)
  2 quokkas
  7 ball pythons
  6 frilled lizards
  19 kobolds
  3 rats
  2 rat zombies (D:7)
199 creatures vanquished.

Vanquished Creatures (collateral kills)
  2 ogres
  2 orc priests (D:6)
  An orc wizard (D:6)
5 creatures vanquished.

Vanquished Creatures (others)
  Maggie (D:6)
  A hornet (D:9)
  A sleepcap (D:7)
  3 fulminant prisms
6 creatures vanquished.

Grand Total: 210 creatures vanquished

Notes
Turn   | Place    | Note
-------+----------+-------------------------------------------
     0 | D:1      | BlueFish the Draconian Conjurer began the quest for the
                  | Orb.
     0 | D:1      | Reached XP level 1. HP: 14/14 MP: 3/3
   219 | D:1      | Reached XP level 2. HP: 17/20 MP: 1/5
   350 | D:1      | Learned a level 2 spell: Searing Ray
   840 | D:2      | Reached XP level 3. HP: 26/26 MP: 0/6
   908 | D:2      | Found a white marble altar of Elyvilon.
  1466 | D:2      | Found a runed translucent door.
  1467 | D:2      | Noticed Crazy Yiuf
  1949 | D:3      | Reached XP level 4. HP: 33/33 MP: 3/8
  2066 | D:3      | Found a faded altar of an unknown god.
  2240 | D:3      | Identified the +1 leather armour "Vonapiul" {rElec rPois
                  | rCorr Dex-3}
  2243 | D:3      | Reached XP level 5. HP: 38/38 MP: 0/9
  3087 | D:4      | Found a shimmering blue altar of Sif Muna.
  3171 | D:4      | Reached skill level 5 in Conjurations
  3171 | D:4      | Reached XP level 6. HP: 45/45 MP: 4/11
  3851 | D:5      | Entered Level 5 of the Dungeon
  3890 | D:5      | Your scales start taking on a lurid green colour.
  3890 | D:5      | Reached XP level 7. HP: 50/50 MP: 6/13
  3890 | D:5      | Gained mutation: Your system is resistant to poisons.
                  | (rPois) [Green Draconian growth]
  4019 | D:5      | Found a shadowy altar of Dithmenos.
  4021 | D:5      | Noticed Prince Ribbit
  4107 | D:5      | Killed Prince Ribbit
  4216 | D:5      | Found a stormy altar of Qazlal.
  4414 | D:5      | Found a hazy altar of Hepliaklqana.
  4414 | D:5      | Found a shimmering altar of Xom.
  4423 | D:5      | Found a white marble altar of Elyvilon.
  4428 | D:5      | Reached XP level 8. HP: 43/57 MP: 4/14
  4534 | D:5      | Found a runed translucent door.
  4538 | D:5      | Noticed dracfodder's ghost (novice GrEE)
  4555 | D:5      | Reached skill level 5 in Stealth
  5259 | D:5      | Noticed Blork the orc
  5265 | D:5      | Killed Blork the orc
  5266 | D:5      | Reached skill level 5 in Spellcasting
  5441 | D:6      | Reached skill level 5 in Dodging
  5869 | D:6      | Noticed Maggie
  6175 | D:7      | Found an iron altar of Okawaru.
  6303 | D:7      | Found a glowing silver altar of Zin.
  6307 | D:7      | Found a snail-covered altar of Cheibriados.
  6345 | D:7      | Found a staircase to the Ecumenical Temple.
  6368 | Temple   | Entered the Ecumenical Temple
  6413 | Temple   | Became a worshipper of Fedhas Madash
  6445 | D:7      | Found a runed translucent gate.
  6446 | D:7      | Found a runed translucent gate.
  6446 | D:7      | Noticed mandoloar's ghost (novice OpTm)
  6452 | D:7      | Noticed a deep elf pyromancer
  6541 | D:7      | Reached XP level 9. HP: 17/62 MP: 0/17
  6562 | D:6      | HP: 3/62 [orc priest/divine providence (12)]
  6621 | D:6      | Noticed Pikel
  6643 | D:6      | Your ally Maggie died
  6665 | D:6      | HP: 2/62 [lemure[Pikel] (4)]
  7002 | D:6      | Learned a level 3 spell: Dazzling Flash
  7007 | D:6      | Learned a level 4 spell: Fulminant Prism
  7268 | D:6      | Killed Pikel
  7372 | D:6      | Identified the +0 short sword of the Reaper {speed, Contam
                  | rElec rPois Dex+3}
  7376 | D:6      | Noticed Dowan
  7377 | D:6      | Noticed Duvessa
  7387 | D:6      | Killed Duvessa
  7393 | D:6      | Killed Dowan
  7546 | D:6      | Reached * piety under Fedhas
  8165 | D:7      | Found a broken altar of Ashenzari.
  8166 | D:7      | Found a radiant altar of Vehumet.
  8174 | D:7      | Found Ynaiczyi's Jewellery Emporium.
  8206 | D:7      | Found Sukasate's Magic Scroll Boutique.
  8397 | D:7      | Found Ciwuifor's Antique Armour Shoppe.
  8441 | D:7      | Found a runed translucent gate.
  8663 | D:7      | Found Zoher's Assorted Antiques.
  8741 | D:7      | Bought the ring of Ignis's Pride {Fly Int+4 SInv} for 408
                  | gold pieces
  8893 | D:7      | Found Vurerch's Magic Scroll Shop.
  8899 | D:7      | Bought a scroll of teleportation for 45 gold pieces
  9054 | D:7      | Found a basalt altar of Yredelemnul.
  9490 | D:8      | Reached XP level 10. HP: 69/69 MP: 15/20
  9646 | D:8      | Reached ** piety under Fedhas
 10110 | D:9      | Found a flagged portal.
 10119 | Bailey   | Entered a bailey
 10347 | Bailey   | Identified the +3 hand crossbow of Crusades {heavy, rC-
                  | Str+2 Int+3}
 10350 | Bailey   | Noticed a two-headed ogre
 10410 | Bailey   | Demolished by a two-headed ogre

Illustrated notes

Levels and vault maps discovered:
D:1:      wander_arrival_fairy_ring, layout_rooms, minmay_pentomino_o4
D:2:      layout_basic, basic_altar, uniq_crazy_yiuf_cottage
D:3:      wander_river, layout_rooms, basic_ecumenical_altar
D:4:      layout_cave_pools, led_sif_book, serial_bayou_pond_a
D:5:      layout_basic, mainiacjoe_overflow_catch_the_wave,
          gammafunk_temple_overflow_forgotten, ebering_ghost_reflecting_pool,
          uniq_blork_the_orc, uniq_prince_ribbit1
D:6:      layout_cave_pods, uniq_pikel, uniq_duvessa, uniq_maggie
D:7:      layout_gridville, overflow_temple_1_default,
          nicolae_overflow_hidden_temple, minmay_temple_entry_hall,
          serial_shops, shop, nicolae_shop_back_alley_shop,
          nicolae_take_the_stairs, nicolae_shop_rolling_square,
          kennysheep_little_box, enter_ossuary_4, gammafunk_ghost_split,
          dreamdust_gnoll_farm
D:8:      layout_rooms
D:9:      layout_cave_pools, nzn_ghost_randoct, enter_bailey_3,
          hangedman_abyss_or_decor_jellyfish_corner, uniq_joseph
Temple:   eino_wide_crystal_templ
Bailey:   bailey_polearm_enchanted_keep_hellmonk, bailey

Skill      XL: |  1  2  3  4  5  6  7  8  9 10 |
---------------+-------------------------------+-----
Stealth        | 2 3 4 6 7 8 |  8.0
Dodging        | 2 3 4 5 6 7 |  7.3
Spellcasting   | 3 4 5 6 7 |  7.4
Conjurations   | 5 6 7 8 |  8.8

Action                     |  1- 3 |  4- 6 |  7- 9 | 10-12 || total
---------------------------+-------+-------+-------+-------++-------
  Melee: Dagger            |    88 |    47 |    73 |     4 ||   212
         Tailslap          |     6 |     5 |     9 |     1 ||    21
         Punch             |     1 |     1 |     1 |       ||     3
         Short sword       |       |       |       |     4 ||     4
   Cast: Magic Dart        |    70 |    82 |   101 |    12 ||   265
         Searing Ray       |     3 |    13 |    64 |    16 ||    96
         Fulminant Prism   |       |       |     2 |     1 ||     3
Ability: Breathe Noxious F |       |       |    10 |     4 ||    14
  Evoke: Wand              |       |       |     8 |     2 ||    10
    Use: Scroll            |     4 |       |    11 |     1 ||    16
         Potion            |       |       |     2 |     1 ||     3
   Stab: Confused          |       |       |     1 |     1 ||     2
         Sleeping          |       |       |     2 |       ||     2
 Armour: Skin              |    29 |    23 |    86 |       ||   138
  Dodge: Dodged            |    58 |    37 |   105 |    25 ||   225

Table legend: (Time is in decaauts)
 A = Elapsed time spent in this place.
 B = Non-inter-level travel time spent in this place.
 C = Inter-level travel time spent in this place.
 D = Time resting spent in this place.
 E = Time spent auto-exploring this place.
 F = Levels seen in this place.
 G = Mean time per level.
                   A        B        C        D        E       F      G
               +--------+--------+--------+--------+--------+-----+--------+
         Total |  10443 |  10224 |    219 |    387 |   7793 |  11 |  949.4 |
       Dungeon |  10080 |   9861 |    219 |    387 |   7607 |   9 | 1120.0 |
        Temple |     72 |     72 |      0 |      0 |     24 |   1 |   72.0 |
        Bailey |    290 |    290 |      0 |      0 |    162 |   1 |  290.0 |
               +--------+--------+--------+--------+--------+-----+--------+

Top non-repeatable levels by time:
     D:7: 2018 daAuts
     D:6: 1754 daAuts
     D:5: 1535 daAuts
     D:4: 1108 daAuts
     D:3: 998 daAuts
     D:2: 943 daAuts
     D:1: 832 daAuts
     D:8: 744 daAuts
  Bailey: 290 daAuts
     D:9: 144 daAuts
  Temple: 72 daAuts
